3AA
FT. POLK SOUTH THUNDER HAWKS @ LANCASTER FARMERS
06/19/2022
 
TOP OF THE 1ST
Ft. Polk South Thunder Hawks batting - Pitching for Lancaster Farmers : RHP Roberto Cantú
Pitching: RHP Roberto Cantú
Batting: SHB Armando Olvera 0-0: Called Strike
0-1: Ball
1-1: Foul Ball, location: 2F
1-2: Ball
2-2: Foul Ball, location: 2F
2-2: Ball
3-2: Strikes out swinging
Batting: RHB Steven Grant 0-0: Ball
1-0: Foul Ball, location: 2F
1-1: Foul Ball, location: 2F
1-2: Foul Ball, location: 2F
1-2: Ground out 6-3 (Groundball, 6)
Batting: RHB Héctor López 0-0: Ball
1-0: Foul Ball, location: 2F
1-1: Ball
2-1: Called Strike
2-2: Strikes out swinging
Top of the 1st over - 0 run(s), 0 hit(s), 0 error(s), 0 left on base; Ft. Polk South 0 - Lancaster 0
BOTTOM OF THE 1ST
Lancaster Farmers batting - Pitching for Ft. Polk South Thunder Hawks : RHP Fernando Peralta
Pitching: RHP Fernando Peralta
Batting: RHB Carl Bryant 0-0: Called Strike
0-1: Called Strike
0-2: SINGLE (Line Drive, 4M)
Batting: RHB Eric Howard 0-0: Foul Ball, location: 2F
0-1: Foul Ball, location: 2F
0-2: Ball
1-2: Ball
2-2: Foul Ball, location: 2F
2-2: SINGLE (Flyball, 9LM)
Carl Bryant to second
Carl Bryant to third
Batting: RHB Bronson Nicholls 0-0: Ball
1-0: Called Strike
1-1: Swinging Strike
1-2: Strikes out swinging
Batting: RHB Sean MacKnight 0-0: Called Strike
0-1: Swinging Strike
Passed Ball!
Carl Bryant scores
Eric Howard to second
0-2: Ball
1-2: Strikes out swinging
Batting: LHB Rob Wilson 0-0: Ground out 5-3 (Groundball, 5S)
Bottom of the 1st over - 1 run(s), 2 hit(s), 0 error(s), 1 left on base; Ft. Polk South 0 - Lancaster 1
TOP OF THE 2ND
Ft. Polk South Thunder Hawks batting - Pitching for Lancaster Farmers : RHP Roberto Cantú
Batting: SHB Ted Hansen 0-0: Foul Ball, location: 2F
0-1: SINGLE (Groundball, 34S)
Batting: LHB José López 0-0: Ball
1-0: Foul Ball, location: 2F
1-1: Foul Ball, location: 2F
1-2: Fly out, F7 (Flyball, 7M)
Batting: SHB Paul Wright 0-0: Called Strike
0-1: Ball
1-1: Fly out, F8 (Flyball, 8RS)
Batting: RHB Clark Calhoun 0-0: Ball
1-0: Ball
2-0: Called Strike
2-1: Foul Ball, location: 2F
2-2: Ball
3-2: Ground out 5-3 (Groundball, 5L)
Top of the 2nd over - 0 run(s), 1 hit(s), 0 error(s), 1 left on base; Ft. Polk South 0 - Lancaster 1
BOTTOM OF THE 2ND
Lancaster Farmers batting - Pitching for Ft. Polk South Thunder Hawks : RHP Fernando Peralta
Batting: RHB Chuck Wolf 0-0: Ball
1-0: Swinging Strike
1-1: Ball
2-1: DOUBLE (Line Drive, 7LD)
Batting: RHB Bennett Bates 0-0: Ball
1-0: Swinging Strike
1-1: Foul Ball, location: 2F
1-2: Foul Ball, location: 2F
1-2: Foul Ball, location: 2F
1-2: Fly out, F8 (Flyball, 8LM)
Batting: RHB Alan Potts 0-0: Ground out 5-3 (Groundball, 56S)
Chuck Wolf to third
Batting: SHB Jim Henderson 0-0: Ball
1-0: Ball
2-0: Ball
3-0: Called Strike
3-1: Base on Balls
Batting: RHB Carl Bryant 0-0: Called Strike
0-1: Ball
1-1: Fly out, F9 (Popup, 9LS)
Bottom of the 2nd over - 0 run(s), 1 hit(s), 0 error(s), 2 left on base; Ft. Polk South 0 - Lancaster 1
TOP OF THE 3RD
Ft. Polk South Thunder Hawks batting - Pitching for Lancaster Farmers : RHP Roberto Cantú
Batting: RHB Henry Weber 0-0: Ball
1-0: Ball
2-0: Called Strike
2-1: Fly out, F4 (Popup, 4)
Batting: RHB Robbie Chambers 0-0: Called Strike
0-1: Foul Ball, location: 2F
0-2: SINGLE (Groundball, 56D)
Batting: SHB Armando Olvera 0-0: Ball
1-0: Foul Ball, location: 2F
1-1: SINGLE (Line Drive, 89S)
Robbie Chambers to second
Batting: RHB Steven Grant 0-0: Ball
1-0: Ball
2-0: Ball
Robbie Chambers is caught stealing 3rd base
Armando Olvera to second
3-0: Called Strike
3-1: Foul Ball, location: 2F
3-2: Ground out 4-3 (Groundball, 34)
Top of the 3rd over - 0 run(s), 2 hit(s), 0 error(s), 1 left on base; Ft. Polk South 0 - Lancaster 1
BOTTOM OF THE 3RD
Lancaster Farmers batting - Pitching for Ft. Polk South Thunder Hawks : RHP Fernando Peralta
Batting: RHB Eric Howard 0-0: Ball
1-0: Foul Ball, location: 2F
1-1: Ball
2-1: Ball
3-1: Called Strike
3-2: Base on Balls
Batting: RHB Bronson Nicholls 0-0: Ball
1-0: Swinging Strike
1-1: Swinging Strike
1-2: Ball
2-2: Ball
3-2: Foul Ball, location: 2F
3-2: Reached on error, E6 (Groundball, 6)
Eric Howard to second
Batting: RHB Sean MacKnight 0-0: Swinging Strike
0-1: SINGLE (Groundball, 56)
Eric Howard to third
Bronson Nicholls to second
Batting: LHB Rob Wilson 0-0: Called Strike
0-1: Swinging Strike
0-2: SINGLE (Groundball, 34)
Eric Howard scores
Bronson Nicholls to third
Sean MacKnight to second
Batting: RHB Chuck Wolf 0-0: Fly out, F8 (Flyball, 8LM)
Runner from 3rd tags up, SCORES, no throw
Batting: RHB Bennett Bates 0-0: Ball
1-0: Called Strike
1-1: Ball
Wild Pitch!
Sean MacKnight to third
Rob Wilson to second
2-1: Ball
3-1: Ground out 6-3 (Groundball, 6)
Sean MacKnight scores
Rob Wilson to third
Batting: RHB Alan Potts 0-0: Foul Ball, location: 2F
0-1: Foul Ball, location: 2F
0-2: Foul Ball, location: 2F
0-2: Foul Ball, location: 2F
0-2: Foul Ball, location: 2F
0-2: Ball
1-2: Ball
2-2: Strikes out swinging
Bottom of the 3rd over - 3 run(s), 2 hit(s), 1 error(s), 1 left on base; Ft. Polk South 0 - Lancaster 4
TOP OF THE 4TH
Ft. Polk South Thunder Hawks batting - Pitching for Lancaster Farmers : RHP Roberto Cantú
Batting: RHB Héctor López 0-0: Swinging Strike
0-1: Fly out, F4 (Popup, 4D)
Batting: SHB Ted Hansen 0-0: Ball
1-0: Foul Ball, location: 2F
1-1: Ball
2-1: Ground out U3 (Groundball, 3S)
Batting: LHB José López 0-0: Ball
1-0: SINGLE (Flyball, 7S)
Batting: SHB Paul Wright 0-0: Ball
1-0: Called Strike
1-1: Ball
2-1: Ball
3-1: Swinging Strike
3-2: Ground out 4-3 (Groundball, 4M)
Top of the 4th over - 0 run(s), 1 hit(s), 0 error(s), 1 left on base; Ft. Polk South 0 - Lancaster 4
BOTTOM OF THE 4TH
Lancaster Farmers batting - Pitching for Ft. Polk South Thunder Hawks : RHP Fernando Peralta
Batting: SHB Jim Henderson 0-0: Called Strike
0-1: Ground out U3 (Groundball, 3S)
Batting: RHB Carl Bryant 0-0: Ball
1-0: Called Strike
1-1: Swinging Strike
1-2: Ball
2-2: Foul Ball, location: 2F
2-2: Foul Ball, location: 2F
2-2: Ball
3-2: SINGLE (Groundball, 56)
Batting: RHB Eric Howard 0-0: Ball
1-0: Grounds into double play, 4-6-3 (Groundball, 4)
Bottom of the 4th over - 0 run(s), 1 hit(s), 0 error(s), 0 left on base; Ft. Polk South 0 - Lancaster 4
TOP OF THE 5TH
Ft. Polk South Thunder Hawks batting - Pitching for Lancaster Farmers : RHP Roberto Cantú
Batting: RHB Clark Calhoun 0-0: Ball
1-0: Foul Ball, location: 2F
1-1: Ball
2-1: Ball
3-1: Base on Balls
Batting: RHB Henry Weber 0-0: Fly out, F9 (Flyball, 89S)
Batting: RHB Robbie Chambers 0-0: Called Strike
0-1: Ball
1-1: Ball
2-1: Foul Ball, location: 2F
2-2: Ball
3-2: Foul Ball, location: 2F
3-2: Base on Balls
Clark Calhoun to second
Batting: SHB Armando Olvera 0-0: Ball
1-0: Fielders Choice at 2nd, 3-6 (Groundball, 3)
Clark Calhoun to third
Batting: RHB Steven Grant 0-0: Ball
1-0: Fly out, F3 (Popup, 3S)
Top of the 5th over - 0 run(s), 0 hit(s), 0 error(s), 2 left on base; Ft. Polk South 0 - Lancaster 4
BOTTOM OF THE 5TH
Lancaster Farmers batting - Pitching for Ft. Polk South Thunder Hawks : RHP Fernando Peralta
Batting: RHB Bronson Nicholls 0-0: Ball
1-0: Foul Ball, location: 2F
1-1: Swinging Strike
1-2: Ball
2-2: Ball
3-2: Base on Balls
Pitching: RHP Dean Hill
Batting: RHB Sean MacKnight 0-0: Ball
1-0: SINGLE (Line Drive, 4MD)
Bronson Nicholls to second
Batting: LHB Rob Wilson 0-0: Foul Ball, location: 2F
0-1: Called Strike
0-2: Ball
1-2: Grounds into double play, 4-6-3 (Groundball, 4)
Bronson Nicholls to third
Batting: RHB Chuck Wolf 0-0: Ball
1-0: Ball
2-0: Ball
3-0: Base on Balls
Batting: RHB Bennett Bates 0-0: Ball
1-0: Ball
2-0: Called Strike
2-1: Ball
3-1: Fly out, F9 (Flyball, 89S)
Bottom of the 5th over - 0 run(s), 1 hit(s), 0 error(s), 2 left on base; Ft. Polk South 0 - Lancaster 4
TOP OF THE 6TH
Ft. Polk South Thunder Hawks batting - Pitching for Lancaster Farmers : RHP Roberto Cantú
Batting: RHB Héctor López 0-0: Ball
1-0: Swinging Strike
1-1: Fly out, F8 (Line Drive, 8RD)
Batting: SHB Ted Hansen 0-0: Ball
1-0: Ball
2-0: Ball
3-0: Called Strike
3-1: Fly out, F7 (Flyball, 78M)
Batting: LHB José López 0-0: Called Strike
0-1: Called Strike
0-2: Ball
1-2: Ball
2-2: Foul Ball, location: 2F
2-2: Ball
3-2: Fly out, F5 (Line Drive, 56)
Top of the 6th over - 0 run(s), 0 hit(s), 0 error(s), 0 left on base; Ft. Polk South 0 - Lancaster 4
BOTTOM OF THE 6TH
Lancaster Farmers batting - Pitching for Ft. Polk South Thunder Hawks : RHP Dean Hill
Batting: RHB Alan Potts 0-0: Ball
1-0: Called Strike
1-1: Foul Ball, location: 2F
1-2: Foul Ball, location: 2F
1-2: Ball
2-2: Ball
3-2: Base on Balls
Batting: SHB Jim Henderson 0-0: Sac Bunt - play at first, batter OUT! 1-4
Alan Potts to second
Batting: RHB Carl Bryant 0-0: DOUBLE (Flyball, 9LM)
Alan Potts scores
Batting: RHB Eric Howard 0-0: Ball
1-0: Fly out, F7 (Flyball, 7LD)
Runner from 2nd tags up, SAFE at 3rd, no throw
Batting: RHB Bronson Nicholls 0-0: Ball
1-0: Ball
2-0: Ground out 6-3 (Groundball, 6)
Bottom of the 6th over - 1 run(s), 1 hit(s), 0 error(s), 1 left on base; Ft. Polk South 0 - Lancaster 5
TOP OF THE 7TH
Ft. Polk South Thunder Hawks batting - Pitching for Lancaster Farmers : RHP Roberto Cantú
Pitching: RHP Steve Brown
Batting: SHB Paul Wright 0-0: Ball
1-0: Ball
2-0: Called Strike
2-1: Ball
3-1: Called Strike
3-2: Foul Ball, location: 2F
3-2: Strikes out swinging
Batting: RHB Clark Calhoun 0-0: Foul Ball, location: 2F
0-1: Ball
1-1: Foul Ball, location: 2F
1-2: Ball
2-2: Foul Ball, location: 2F
2-2: Foul Ball, location: 2F
2-2: Ground out 6-3 (Groundball, 6D)
Batting: RHB Henry Weber 0-0: Called Strike
0-1: Ball
1-1: Ball
2-1: Called Strike
2-2: Ball
3-2: Foul Ball, location: 2F
3-2: Foul Ball, location: 2F
3-2: SINGLE (Groundball, 25) (infield hit)
Batting: RHB Robbie Chambers 0-0: Ball
1-0: Ball
2-0: Foul Ball, location: 2F
2-1: Foul Ball, location: 2F
2-2: Ball
3-2: Foul Ball, location: 2F
3-2: Foul Ball, location: 2F
3-2: Fly out, F5 (Line Drive, 5)
Top of the 7th over - 0 run(s), 1 hit(s), 0 error(s), 1 left on base; Ft. Polk South 0 - Lancaster 5
BOTTOM OF THE 7TH
Lancaster Farmers batting - Pitching for Ft. Polk South Thunder Hawks : RHP Dean Hill
Batting: RHB Sean MacKnight 0-0: Foul Ball, location: 2F
0-1: Ball
1-1: Called Strike
1-2: Fly out, F9 (Flyball, 9M)
Batting: LHB Rob Wilson 0-0: Ball
1-0: Ball
2-0: Ball
3-0: Called Strike
3-1: Base on Balls
Batting: RHB Chuck Wolf 0-0: Ball
1-0: Ball
Wild Pitch!
Rob Wilson to second
2-0: Ball
3-0: Base on Balls
Batting: RHB Bennett Bates 0-0: Ball
1-0: Ball
2-0: Foul Ball, location: 2F
2-1: Ball
3-1: Called Strike
3-2: Base on Balls
Rob Wilson to third
Chuck Wolf to second
Batting: RHB Alan Potts 0-0: Ball
1-0: Fly out, F8 (Flyball, 8LS)
Runner from 3rd tags up, SCORES, throw made
Batting: SHB Jim Henderson 0-0: Ball
1-0: SINGLE (Line Drive, 9S)
Chuck Wolf to third
Bennett Bates to second
Runner from 3rd tries for Home, throw and OUT!
Bottom of the 7th over - 1 run(s), 1 hit(s), 0 error(s), 2 left on base; Ft. Polk South 0 - Lancaster 6
TOP OF THE 8TH
Ft. Polk South Thunder Hawks batting - Pitching for Lancaster Farmers : RHP Steve Brown
Batting: SHB Armando Olvera 0-0: Ball
1-0: Ball
2-0: Called Strike
2-1: Swinging Strike
2-2: Strikes out swinging
Batting: RHB Steven Grant 0-0: Ball
1-0: Ball
2-0: Fly out, F5 (Popup, 56S)
Batting: RHB Héctor López 0-0: Foul Ball, location: 2F
0-1: Swinging Strike
0-2: Ball
1-2: SINGLE (Groundball, 5D)
Batting: SHB Ted Hansen 0-0: Ball
1-0: Ball
2-0: Called Strike
2-1: Foul Ball, location: 2F
2-2: Foul Ball, location: 2F
2-2: Foul Ball, location: 2F
2-2: Ball
3-2: Strikes out looking
Top of the 8th over - 0 run(s), 1 hit(s), 0 error(s), 1 left on base; Ft. Polk South 0 - Lancaster 6
BOTTOM OF THE 8TH
Lancaster Farmers batting - Pitching for Ft. Polk South Thunder Hawks : RHP Dean Hill
Pitching: RHP Dax Perry
Batting: RHB Carl Bryant 0-0: Called Strike
0-1: Called Strike
0-2: Strikes out swinging
Batting: RHB Eric Howard 0-0: Ball
1-0: Called Strike
1-1: Called Strike
1-2: Ball
2-2: Ball
3-2: Strikes out swinging
Batting: RHB Bronson Nicholls 0-0: Ball
1-0: Ball
2-0: Fly out, F8 (Flyball, 8LM)
Bottom of the 8th over - 0 run(s), 0 hit(s), 0 error(s), 0 left on base; Ft. Polk South 0 - Lancaster 6
TOP OF THE 9TH
Ft. Polk South Thunder Hawks batting - Pitching for Lancaster Farmers : RHP Steve Brown
Batting: LHB José López 0-0: Ball
1-0: Called Strike
1-1: Ball
2-1: Ball
3-1: Base on Balls
Pitching: RHP Wilson Vélez
Batting: SHB Paul Wright 0-0: Swinging Strike
0-1: Foul Ball, location: 2F
0-2: Foul Ball, location: 2F
0-2: Foul Ball, location: 2F
0-2: Ball
1-2: Ball
2-2: SINGLE (Groundball, 3D)
José López to second
Runner from 2nd tries for 3rd, SAFE, no throw or cutoff
Batting: RHB Clark Calhoun 0-0: Swinging Strike
0-1: Ball
1-1: Swinging Strike
1-2: Ball
2-2: Foul Ball, location: 2F
2-2: Strikes out swinging
Batting: RHB Henry Weber 0-0: Ground out 5-3 (Groundball, 5S)
José López scores
Paul Wright to second
Batting: RHB Robbie Chambers 0-0: Ground out 5-3 (Groundball, 56S)
Top of the 9th over - 1 run(s), 1 hit(s), 0 error(s), 1 left on base; Ft. Polk South 1 - Lancaster 6
This league is powered by Out of the Park Baseball, the baseball management simulation game for PC, Mac and Linux
Friday, April 15th, 2016 - OOTP Baseball 16.9 Build 39